 Dungeon Crawl Stone Soup version 0.28.0-43-g3370ac3207 (webtiles) character file.

Game seed: 15767134289043971007

756 smarlow the Ogre Mage (level 7, -5/68 HPs)
             Began as an Ogre Conjurer on Mar 14, 2022.
             Was an Initiate of Vehumet.
             Slain by an orc warrior
             ... wielding a +3 long sword
              (14 damage)
             ... on level 6 of the Dungeon.
             The game lasted 00:12:50 (6594 turns).

smarlow the Ogre Mage (Ogre Conjurer)               Turns: 6594, Time: 00:12:51

Health: -5/68      AC:  3    Str: 12    XL:     7   Next: 79%
Magic:  1/15       EV: 10    Int: 21    God:    Vehumet [......]
Gold:   292        SH:  0    Dex:  7    Spells: 3/17 levels left

rFire   . . .      SeeInvis .   (no weapon)
rCold   . . .      Faith    .   (no shield)
rNeg    . . .      Spirit   .   a - +0 robe
rPois   .          Reflect  .   (helmet restricted)
rElec   .          Harm     .   (no cloak)
rCorr   .          Rampage  .   (gloves unavailable)
Will    .....                   (boots unavailable)
Stlth   ++........              u - amulet of regeneration
HPRegen 1.01/turn               (no ring)
MPRegen 0.14/turn               (no ring)

@: no status effects
A: large, unfitting armour, tough skin 1
a: Renounce Religion


You were on level 6 of the Dungeon.
You worshipped Vehumet.
Vehumet was noncommittal.
You visited 2 branches of the dungeon, and saw 7 of its levels.

You collected 292 gold pieces.

Inventory:

Missiles
 r - 2 throwing nets
Armour
 a - a +0 robe (worn)
Jewellery
 u - an amulet of regeneration (around neck)
Wands
 w - a wand of iceblast (5)
Scrolls
 b - 2 scrolls of immolation
 e - 5 scrolls of fog
 f - 3 scrolls of teleportation
 g - a scroll of blinking
 j - a scroll of enchant armour
 l - a scroll of summoning {unknown}
 n - a scroll of vulnerability {unknown}
 p - 2 scrolls of magic mapping {unknown}
 s - a scroll of torment {unknown}
 t - a scroll of identify
Potions
 d - 4 potions of brilliance
 h - a potion of magic {unknown}
 i - a potion of lignification {unknown}
 m - a potion of ambrosia {unknown}
 o - a potion of flight {unknown}
 q - a potion of resistance {unknown}
 v - a potion of berserk rage {unknown}


   Skills:
 + Level 3.8 Fighting
 + Level 3.5 Dodging
 + Level 3.1 Stealth
 * Level 5.7 Spellcasting
 + Level 4.9 Conjurations


You had 3 spell levels left.
You knew the following spells:

 Your Spells              Type           Power      Damage    Failure   Level
a - Magic Dart            Conj           100%       1d8       1%          1
b - Searing Ray           Conj           52%        2d6       1%          2
c - Dazzling Flash        Conj/Hex       32%        N/A       11%         3
d - Fulminant Prism       Conj/Hex       8%         3d7       36%         4
e - Iskenderun's Mystic   Conj/Tloc      16%        2d5       36%         4

Your spell library contained the following spells:

 Spells                   Type           Power      Damage    Failure   Level
 Corpse Rot               Necr/Air       12%        N/A       16%         2
 Poisonous Vapours        Pois/Air       12%        N/A       16%         2


Dungeon Overview and Level Annotations

Branches:
Dungeon (6/15)             Temple (1/1) D:5

Altars:
Ashenzari
Dithmenos
Elyvilon
Fedhas
Gozag
Hepliaklqana
Kikubaaqudgha
Makhleb
Nemelex Xobeh
Okawaru
Qazlal
Ru
Sif Muna
Trog
Vehumet
Wu Jian
Xom
Zin
The Shining One

Annotations:
D:6 Maggie, Pikel


Innate Abilities, Weirdness & Mutations

You are too large for most types of armour.
You have tough skin. (AC +1)


Message History

The orc warrior hits you with a +3 long sword!
You can't go up here!
Casting: Searing Ray (safe; 1% risk of failure)
Confirm with . or Enter, or press ? or * to list all spells.
The spell is quite dangerous to miscast (36% risk of failure)!
Continue anyway?
You miscast Iskenderun's Mystic Blast.
You are very lightly contaminated with residual magic.
You are caught in a field of spatial distortion.
You are magically locked in place.
The orc hits you with a +0 hand axe.
The orc warrior hits you with a +3 long sword!
* * * LOW HITPOINT WARNING * * *
Casting: Iskenderun's Mystic Blast (quite dangerous; 36% risk of failure)
Confirm with . or Enter, or press ? or * to list all spells.
The spell is quite dangerous to miscast (36% risk of failure)!
Continue anyway?
You erupt in a blast of force!
The mystic blast hits the orc warrior but does no damage.
The mystic blast hits the orc.
The orc is almost dead.
The orc is knocked back by the mystic blast.
The mystic blast hits the phantom.
The phantom is lightly damaged.
The phantom is knocked back by the mystic blast.
The orc warrior hits you with a +3 long sword!
* * * LOW HITPOINT WARNING * * *
You cannot move.
It was a potion of curing.
You feel better. The orc hits you but does no damage.
The orc warrior barely misses you.
Your magical effects are unravelling.
You feel magically purged.
Your magical contamination has completely faded away.
You are no longer locked in place.
The orc closely misses you.
The orc warrior hits you with a +3 long sword!
* * * LOW HITPOINT WARNING * * *
You feel better. The phantom hits you.
* * * LOW HITPOINT WARNING * * *
The orc hits you with a +0 hand axe.
* * * LOW HITPOINT WARNING * * *
The orc warrior hits you with a +3 long sword!
You die...

###.###
###.....###
#.........##
#..........#
#..........#
#.........#
#......[..#
#..oW[(..##
##.@o...##
##<.....#
###.###..#
### ##.


You could see an orc warrior, a phantom and an orc.

Vanquished Creatures
  2 necrophages (D:5)
  Blork the orc (D:4)
  A scorpion (D:5)
  A water moccasin skeleton (D:4)
  A centaur zombie (D:5)
  A hound (D:5)
  An orc priest (D:5)
  A bullfrog skeleton (D:3)
  3 iguanas (D:5)
  2 orc wizards (D:6)
  3 gnolls (D:5)
  A howler monkey skeleton (D:4)
  4 adders
  4 worms
  5 dart slugs
  3 orcs
  10 ball pythons
  7 bats
  6 endoplasms
  5 giant cockroaches
  2 goblins
  9 hobgoblins
  2 jackals (D:3)
  4 quokkas
  A frilled lizard (D:3)
  8 kobolds
  4 rats
92 creatures vanquished.

Vanquished Creatures (others)
  7 fulminant prisms
  14 plants (D:4)
21 creatures vanquished.

Grand Total: 113 creatures vanquished

Notes
Turn   | Place    | Note
-------+----------+-------------------------------------------
     0 | D:1      | smarlow the Ogre Conjurer began the quest for the Orb.
     0 | D:1      | Reached XP level 1. HP: 16/16 MP: 3/3
   283 | D:1      | Reached XP level 2. HP: 24/24 MP: 2/5
   286 | D:1      | Learned a level 2 spell: Searing Ray
   741 | D:1      | Reached XP level 3. HP: 31/31 MP: 2/7
  1183 | D:2      | Reached skill level 3 in Spellcasting
  1748 | D:2      | Found a faded altar of an unknown god.
  1933 | D:2      | Reached XP level 4. HP: 40/40 MP: 4/8
  2285 | D:2      | Learned a level 4 spell: Fulminant Prism
  2426 | D:3      | Reached skill level 1 in Fighting
  2992 | D:3      | Reached XP level 5. HP: 48/48 MP: 5/10
  3554 | D:4      | Noticed Blork the orc
  3874 | D:4      | Killed Blork the orc
  3875 | D:4      | Reached skill level 4 in Spellcasting
  4092 | D:4      | Reached XP level 6. HP: 51/59 MP: 5/12
  4195 | D:4      | Found an opulent altar of Gozag.
  4468 | D:5      | Entered Level 5 of the Dungeon
  4880 | D:5      | Noticed a necrophage
  4886 | D:5      | Killed a necrophage
  4887 | D:5      | Reached XP level 7. HP: 65/67 MP: 3/14
  5028 | D:5      | Reached skill level 5 in Spellcasting
  5216 | D:5      | Found a staircase to the Ecumenical Temple.
  6101 | D:5      | Found a sparkling altar of Nemelex Xobeh.
  6102 | D:5      | Found a shadowy altar of Dithmenos.
  6190 | D:6      | Noticed Pikel
  6190 | D:6      | Noticed Maggie
  6265 | Temple   | Entered the Ecumenical Temple
  6442 | Temple   | Became a worshipper of Vehumet
  6572 | D:5      | Learned a level 4 spell: Iskenderun's Mystic Blast
  6576 | D:5      | Learned a level 3 spell: Dazzling Flash
  6594 | D:6      | Slain by an orc warrior

Illustrated notes

Levels and vault maps discovered:
D:1:      shiori_shiawase, layout_rooms, minivault_25, minmay_tiny_reverse_x
D:2:      layout_basic, nicolae_ecumenical_snake_handling
D:3:      layout_loops_ring, minmay_goblin_kobold_house
D:4:      layout_rooms, mainiacjoe_overflow_cross_hatched, st_stairs_14,
          uniq_blork_the_orc
D:5:      layout_loops_corners, minitemple, minmay_temple_entry_proselytizer,
          minmay_misc_feat_ornament, minmay_misc_feat_tiny, eino_tiny_chamber
D:6:      layout_cave_pods, minmay_misc_feat_x, uniq_pikel, uniq_maggie
Temple:   regret_index_temple_sphere_string

Skill      XL: |  1  2  3  4  5  6  7 |
---------------+----------------------+-----
Dodging        | 2 3 |  3.5
Spellcasting   | 3 4 5 |  5.7
Conjurations   | 4 |  4.9
Fighting       | 1 2 3 |  3.8
Stealth        | 2 3 |  3.1

Action                   |  1- 3 |  4- 6 |  7- 9 || total
-------------------------+-------+-------+-------++-------
 Cast: Magic Dart        |    79 |    96 |    18 ||   193
       Searing Ray       |     4 |    10 |     9 ||    23
       Fulminant Prism   |       |     5 |     2 ||     7
       Iskenderun's Myst |       |       |     1 ||     1
       Dazzling Flash    |       |       |     1 ||     1
  Use: Scroll            |       |     6 |     1 ||     7
       Potion            |       |       |     3 ||     3
Armor: Robe              |       |     2 |     7 ||     9
Dodge: Dodged            |     5 |     4 |    14 ||    23
